 Dungeon Crawl Stone Soup version 0.27-a0-1149-g4505690ab0 (webtiles) character file.

Game seed: 11158083725855517435

8 Froggeryz the Cudgeller (level 2, -1/25 HPs)
             Began as a Palentonga Berserker on May 13, 2021.
             Was a Follower of Trog.
             Slain by a hobgoblin (5 damage)
             ... on level 1 of the Dungeon.
             The game lasted 00:00:13 (76 turns).

Froggeryz the Cudgeller (Palentonga Berserker)        Turns: 76, Time: 00:00:14

Health: -1/25      AC:  4    Str: 20    XL:     2   Next: 0%
Magic:  2/2        EV:  9    Int:  7    God:    Trog [*.....]
Gold:   11         SH:  0    Dex:  9    Spells: 1/1 levels left

rFire    . . .     SeeInvis +   a - +0 mace
rCold    . . .     Faith    .   (no shield)
rNeg     . . .     Spirit   .   b - +0 animal skin
rPois    .         Reflect  .   (no helmet)
rElec    .         Harm     .   (no cloak)
rCorr    .         Rampage  .   (no gloves)
Will     .....                  (no barding)
Stlth    +.........             (no amulet)
HPRegen  0.08/turn              (no ring)
MPRegen  0.08/turn              (no ring)

@: on berserk cooldown, slowed, very slow
A: large, rugged brown scales 3, see invisible, deformed body, roll 1, armoured
tail
a: Rolling Charge, Renounce Religion, Berserk


You were on level 1 of the Dungeon.
You worshipped Trog.
Trog was aware of your devotion.
You visited 1 branch of the dungeon, and saw 1 of its levels.

You collected 11 gold pieces.

Inventory:

Hand Weapons
 a - a +0 mace (weapon)
Armour
 b - a +0 animal skin (worn)


   Skills:
 - Level 3.0 Fighting
 * Level 3.5 Maces & Flails
 - Level 1.5 Armour
 - Level 1.5 Dodging


You had one spell level left.
You didn't know any spells.
Your spell library was empty.

Dungeon Overview and Level Annotations

Branches:
Dungeon (1/15)

Altars:


Innate Abilities, Weirdness & Mutations

You are completely covered in rugged brown scales. (AC +3, +7% HP)
You have supernaturally acute eyesight. (SInv)
Armour fits poorly on your strangely shaped body.
You can roll at nearby foes to attack.
You have a long armoured tail.


Message History

A kobold comes into view. It is wielding a +0 dagger.
The jackal bites you.
* * * LOW HITPOINT WARNING * * *
A red film seems to cover your vision as you go berserk!
You feel yourself moving faster!
You feel mighty!
The kobold shouts!
The jackal barely misses you.
You hit the jackal.
You kill the jackal!
Trog accepts your kill.
A hobgoblin comes into view.
The kobold barely misses you.
You see here a jackal corpse.
You thump the kobold!
You kill the kobold!
Trog accepts your kill.
You closely miss the quokka. You tail-slap the quokka.
You kill the quokka!
Trog accepts your kill.
You have reached level 2!
Things that are here:
a +0 club; 5 stones; a kobold corpse You feel a strong urge to attack something.
You barely miss the kobold. The kobold hits you but does no damage.
You miss the kobold.
You are no longer berserk.
You are exhausted.
You feel yourself slow down. The kobold hits you but does no damage.
You barely miss the kobold. The kobold hits you with a +0 dagger.
* * * LOW HITPOINT WARNING * * *
The kobold hits you but does no damage.
You barely miss the kobold. The kobold hits you with a +0 dagger.
* * * LOW HITPOINT WARNING * * *
You barely miss the kobold.
Your tail-slap misses the kobold.
The kobold barely misses you. x2
You hit the kobold. You tail-slap the kobold.
You kill the kobold!
Trog accepts your kill. The hobgoblin hits you.
You die...

.#...........
.......>...
######....$..
.........#'## #..
.........'..#
##............#..#
################.#..####
#..............#g#..#...
#.##+#########.#@#......
#.#..........#.#)#......
#.#.########.#.#†#......
#.#.#......#.#.#.#.#####
#.#.#.####.#.#.#.#.#
#.#.#.#.<#.#.#.#.#.#####
#.#.'.#....#.#.#.#......
#.#.#.#.##.#.+.#.#......
#.#.#.#....#.#.#.#......


You could see a hobgoblin.

Vanquished Creatures
  4 jackals (D:1)
  2 kobolds (D:1)
  A quokka (D:1)
7 creatures vanquished.

Notes
Turn   | Place    | Note
-------+----------+-------------------------------------------
     0 | D:1      | Froggeryz the Palentonga Berserker began the quest for the
                  | Orb.
     0 | D:1      | Reached XP level 1. HP: 19/19 MP: 1/1
    69 | D:1      | Reached XP level 2. HP: 8/25 MP: 2/2
    76 | D:1      | Slain by a hobgoblin

Illustrated notes

Levels and vault maps discovered:
D:1:      zelgadis_glass_arrival_large, layout_basic

Action                   || total
-------------------------++-------
Melee: Mace              ||    20
       Tailslap          ||     4
Invok: Berserk           ||     1
Armor: Animal skin       ||    13
Dodge: Dodged            ||    18

Table legend: (Time is in decaauts)
 A = Elapsed time spent in this place.
 B = Non-inter-level travel time spent in this place.
 C = Inter-level travel time spent in this place.
 D = Time resting spent in this place.
 E = Time spent auto-exploring this place.
 F = Levels seen in this place.
 G = Mean time per level.
                   A        B        C        D        E       F      G
               +--------+--------+--------+--------+--------+-----+--------+
         Total |     79 |     79 |      0 |      0 |     46 |   1 |   79.0 |
       Dungeon |     79 |     79 |      0 |      0 |     46 |   1 |   79.0 |
               +--------+--------+--------+--------+--------+-----+--------+

Top non-repeatable levels by time:
     D:1: 79 daAuts
